 Dungeon Crawl Stone Soup version 0.30-a0-972-gf3ab3527aa (webtiles) character file.

Game seed: 15001222896322979243

347 hwolsky the Firebug (level 6, -4/49 HPs)
             Began as a Human Cinder Acolyte on Mar 31, 2023.
             Was an Initiate of Ignis.
             Slain by a gnoll
             ... wielding a +0 halberd
              (5 damage)
             ... on level 5 of the Dungeon.
             The game lasted 00:38:59 (4371 turns).

hwolsky the Firebug (Human Cinder Acolyte)          Turns: 4371, Time: 00:38:59

Health: -4/49      AC: 12    Str: 16    XL:     6   Next: 91%
Magic:  0/10       EV:  2    Int: 21    God:    Ignis [......]
Gold:   217        SH:  0    Dex: 14    Spells: 9/11 levels left

rFire   + . .      SeeInvis .    c - +1 short sword
rCold   . . .      Faith    .    j - orb {light}
rNeg    . . .      Spirit   +    t - +0 plate armour
rPois   .          Reflect  .    (no helmet)
rElec   .          Rampage  .    s - +0 cloak
rCorr   .                        q - +0 pair of gloves
Will    .....                    (no boots) Stlth
                                 i - amulet of guardian spirit
HPRegen 0.28/turn                g - +6 ring of intelligence
MPRegen 0.12/turn                r - +6 ring of dexterity

@: about to teleport, held, glowing
A: no striking features
a: Renounce Religion, Rising Flame


You were on level 5 of the Dungeon.
You worshipped Ignis.
Ignis was noncommittal.
You visited 1 branch of the dungeon, and saw 5 of its levels.

You collected 217 gold pieces.

Inventory:

Hand Weapons
 a - a -1 falchion of flaming
 c - a +1 short sword (weapon)
Missiles
 d - 36 stones (quivered)
 k - 5 curare-tipped darts
Armour
 j - an orb of light (worn)
 q - a +0 pair of gloves (worn)
 s - a +0 cloak (worn)
 t - a +0 plate armour (worn)
Jewellery
 g - a +6 ring of intelligence (left hand)
 i - an amulet of guardian spirit (around neck)
 n - an amulet of regeneration
 r - a +6 ring of dexterity (right hand)
Scrolls
 e - 2 scrolls of immolation
 l - 3 scrolls of identify
 m - a scroll of teleportation
Potions
 b - 2 potions of degeneration {unknown}
 f - a potion of magic {unknown}
 h - 2 potions of attraction {unknown}
 o - 2 potions of curing {unknown}
 p - a potion of haste {unknown}
 w - 3 potions of mutation {unknown}


   Skills:
 + Level 4.3 Fighting
 + Level 4.3 Long Blades
 + Level 3.0 Spellcasting
 + Level 4.4 Fire Magic


You had 9 spell levels left.
You knew the following spells:

 Your Spells              Type           Power      Damage    Failure   Level
a - Scorch                Fire           42%        2d7       95%         2

Your spell library contained the following spells:

 Spells                   Type           Power      Damage    Failure   Level
 Lesser Beckoning         Tloc           6%         N/A       100%        2
 Gell's Gravitas          Tloc           3%         N/A       100%        3
 Teleport Other           Tloc           3%         N/A       100%        3


Dungeon Overview and Level Annotations

Branches:
Dungeon (5/15)
 Temple: D:4-7

Altars:
Ru
Zin
The Shining One


Message History

You hit the gnoll.
The gnoll is heavily wounded.
You hit the gnoll but do no damage.
The gnoll is heavily wounded.
The gnoll hits you from afar with a +0 spear.
The gnoll hits you but does no damage. The gnoll hits you with a +3 spear!
The gnoll hits you with a +0 halberd.
The gnoll hits you but does no damage. x3
The gnoll throws a throwing net.
The throwing net hits you.
You become entangled in the net!
The gnoll hits you but does no damage.
You see here a throwing net.
You struggle against the net.
The gnoll hits you but does no damage. The gnoll barely misses you.
You struggle against the net.
The gnoll hits you but does no damage.
The gnoll hits you from afar with a +0 halberd.
* * * LOW HITPOINT WARNING * * *
You struggle against the net.
The gnoll hits you but does no damage. x2
The gnoll hits you from afar with a +0 halberd!
* * * LOW HITPOINT WARNING * * *
Okay, then.
As you read the scroll of teleportation, it crumbles to dust.
You feel strangely unstable. The gnoll barely misses you.
The gnoll hits you but does no damage. The gnoll barely misses you.
Really read the scroll of immolation?
Okay, then.
Really read the scroll of immolation?
Okay, then.
Read: 3 scrolls of immolation
Press: ? - help, Q - select action, (/) - cycle Dir - look around, f - activate Look: a gnoll, wielding a +3 spear (almost dead, haloed, susceptible)
As you read the scroll of immolation, it crumbles to dust.
The creatures around you are filled with an inner flame!
The gnoll hits you from afar with a +0 spear.
* * * LOW HITPOINT WARNING * * *
The gnoll hits you with a +3 spear.
* * * LOW HITPOINT WARNING * * *
The gnoll hits you but does no damage.
The gnoll hits you but does no damage. x2
The gnoll hits you from afar with a +0 halberd.
You die...

#.........................
#.........................
#.........................
#.........................
.......................
....>...##)#######.....
........#..).....#.....
........#........#.....
........#..@.....# ....
.<......#.g.##...# ...
........#.gg######
........#..g.....#
........#........#
........#........#
........#........#
........#........#
#...##...#


You could see 4 gnolls.

Vanquished Creatures
  An ice beast (D:5)
  An orc priest (D:3)
  2 iguanas
  An orc wizard (D:3)
  7 adders
  A worm (D:4)
  A dart slug (D:3)
  7 orcs
  6 bats
  6 endoplasms
  A giant cockroach (D:4)
  7 goblins
  10 hobgoblins
  3 jackals (D:2)
  A quokka (D:1)
  11 ball pythons
  3 frilled lizards
  7 kobolds
  5 rats
81 creatures vanquished.

Vanquished Creatures (others)
  75 foxfires
  2 fungi (D:3)
77 creatures vanquished.

Grand Total: 158 creatures vanquished

Notes
Turn   | Place    | Note
-------+----------+-------------------------------------------
     0 | D:1      | hwolsky the Human Cinder Acolyte began the quest for the
                  | Orb.
     0 | D:1      | Reached XP level 1. HP: 18/18 MP: 2/2
   237 | D:1      | Reached XP level 2. HP: 22/24 MP: 3/3
   240 | D:1      | Learned a level 2 spell: Scorch
   817 | D:1      | Reached XP level 3. HP: 25/29 MP: 5/5
  1493 | D:2      | HP: 1/29 [poisoned by an adder]
  1609 | D:2      | Reached XP level 4. HP: 33/35 MP: 6/6
  2165 | D:3      | Reached XP level 5. HP: 26/41 MP: 3/8
  2641 | D:3      | Found a glowing golden altar of the Shining One.
  3528 | D:4      | Reached XP level 6. HP: 31/48 MP: 5/9
  3769 | D:4      | Found a sacrificial altar of Ru.
  4040 | D:5      | Entered Level 5 of the Dungeon
  4040 | D:5      | Noticed an ice beast
  4043 | D:5      | Killed an ice beast
  4179 | D:5      | Found a glowing silver altar of Zin.
  4370 | D:5      | HP: 1/49 [gnoll/+3 spear (4)]
  4371 | D:5      | Slain by a gnoll

Illustrated notes

Levels and vault maps discovered:
D:1:      wander_arrival_fairy_ring, layout_loops_corners,
          amcnicky_mini_pool_small
D:2:      layout_loops_cross, chequers_serial_rivers_micro_d
D:3:      minmay_skewed_foursquare, layout_basic, mainiacjoe_overflow_boulevard,
          minmay_misc_feat_rugged
D:4:      layout_rooms, lemuel_tele_altar, serial_corexii_hall,
          chequers_hall_statues_y, corexii_hall_statues_x,
          chequers_hall_statues_y, grunt_decor_junction
D:5:      layout_gridville, zin_scriptorium, kennysheep_little_box,
          dreamdust_wishing_well

Skill      XL: |  1  2  3  4  5  6 |
---------------+-------------------+-----
Spellcasting   | 2 3 |  3.0
Fire Magic     | 4 |  4.4
Long Blades    | 4 |  4.3
Fighting       | 4 |  4.3

Action                     |  1- 3 |  4- 6 || total
---------------------------+-------+-------++-------
  Melee: Falchion          |    46 |       ||    46
         Short sword       |   171 |   227 ||   398
         Punch             |       |     1 ||     1
  Throw: Stone             |       |     1 ||     1
   Cast: Scorch            |     3 |     1 ||     4
 Invoke: Foxfire Swarm     |       |     7 ||     7
         Fiery Armour      |       |     2 ||     2
    Use: Scroll            |     3 |     7 ||    10
         Potion            |     2 |       ||     2
 Armour: Robe              |     8 |       ||     8
         Leather armour    |    36 |     2 ||    38
         Ring mail         |       |    29 ||    29
         Plate armour      |       |   126 ||   126
  Dodge: Dodged            |   122 |    62 ||   184

Table legend: (Time is in decaauts)
 A = Elapsed time spent in this place.
 B = Non-inter-level travel time spent in this place.
 C = Inter-level travel time spent in this place.
 D = Time resting spent in this place.
 E = Time spent auto-exploring this place.
 F = Levels seen in this place.
 G = Mean time per level.
                   A        B        C        D        E       F      G
               +--------+--------+--------+--------+--------+-----+--------+
         Total |   4334 |   4253 |     81 |    692 |   1740 |   5 |  866.8 |
       Dungeon |   4334 |   4253 |     81 |    692 |   1740 |   5 |  866.8 |
               +--------+--------+--------+--------+--------+-----+--------+

Top non-repeatable levels by time:
     D:1: 1074 daAuts
     D:2: 1038 daAuts
     D:4: 1027 daAuts
     D:3: 870 daAuts
     D:5: 323 daAuts
